 Dungeon Crawl Stone Soup version 0.30-a0-1161-g0704695555 (webtiles) character file.

Game seed: 5641881212721353560

370 qeuew the Chopper (level 6, -2/55 HPs)
             Began as a Hill Orc Berserker on Apr 27, 2023.
             Was a Believer of Trog.
             Slain by a quokka (5 damage)
             ... on level 4 of the Dungeon.
             The game lasted 00:02:50 (2423 turns).

qeuew the Chopper (Hill Orc Berserker)              Turns: 2423, Time: 00:02:51

Health: -2/55      AC:  2    Str: 22    XL:     6   Next: 70%
Magic:  6/6        EV: 12    Int:  7    God:    Trog [**....]
Gold:   177        SH:  0    Dex: 10    Spells: 5/5 levels left

rFire   . . .        a - +0 hand axe
rCold   . . .        (no shield)
rNeg    . . .        b - +0 animal skin
rPois   .            (no helmet)
rElec   .            (no cloak)
rCorr   .            (no gloves)
SInv    .            (no boots)
Will    ++...        (no amulet)
Stlth   +            (no ring)
HPRegen 1.29/turn    (no ring)
MPRegen 0.10/turn

%: no passive effects
@: strong-willed, on berserk cooldown, regenerating
A: no striking features
a: Renounce Religion, Berserk, Trog's Hand


You were on level 4 of the Dungeon.
You worshipped Trog.
Trog was pleased with you.
You visited 1 branch of the dungeon, and saw 4 of its levels.

You collected 177 gold pieces.

Inventory:

Hand Weapons
 a - a +0 hand axe (weapon)
Armour
 b - a +0 animal skin (worn)
Wands
 d - a wand of mindburst (8)
Scrolls
 c - a scroll of fog
 f - a scroll of enchant armour {unknown}
 i - a scroll of blinking
Potions
 e - a potion of might
 g - a potion of resistance
 h - 2 potions of curing


   Skills:
 + Level 4.8 Fighting
 * Level 6.5 Axes
 * Level 4.6 Armour
 + Level 2.6 Dodging
 + Level 0.1 Evocations


You had 5 spell levels left.
You didn't know any spells.
Your spell library was empty.

Dungeon Overview and Level Annotations

Branches:
Dungeon (4/15)
 Temple: D:4-7

Altars:
Fedhas
Hepliaklqana
The Shining One


Message History

A gnoll comes into view. It is wielding a +0 club.
The gnoll shouts!
You hear a shout!
A gnoll comes into view. It is wielding a +0 spear.
A gnoll comes into view. It is wielding a +0 halberd.
The gnoll moves out of view.
You hear a shout!
There are monsters nearby!
You closely miss the gnoll. The gnoll hits you with a +0 club.
A quokka comes into view.
You barely miss the gnoll.
The gnoll hits you from afar with a +0 halberd!
The gnoll misses you. The gnoll completely misses you. The gnoll misses you.
You closely miss the gnoll. The gnoll hits you but does no damage.
The gnoll hits you with a +0 club.
You hit the gnoll but do no damage. The gnoll closely misses you.
The gnoll hits you with a +0 club. x2
You hit the gnoll but do no damage. The gnoll barely misses you.
The gnoll closely misses you. The quokka barely misses you.
You barely miss the gnoll. You hit the quokka.
You feel yourself speed up. The gnoll closely misses you.
The gnoll hits you from afar with a +0 spear.
The quokka bites you.
The gnoll hits you from afar with a +0 spear!
* * * LOW HITPOINT WARNING * * *
The gnoll hits you with a +0 club.
* * * LOW HITPOINT WARNING * * *
The quokka misses you. The quokka misses you.
Your skin crawls.
You feel strong-willed. The quokka completely misses you.
The gnoll hits you with a +0 club.
* * * LOW HITPOINT WARNING * * *
Unknown command.
The gnoll attacks as you move away! The gnoll closely misses you.
The quokka attacks as you move away! The quokka barely misses you.
The gnoll attacks as you move away! The gnoll hits you with a +0 club.
* * * LOW HITPOINT WARNING * * *
The quokka attacks as you move away! The quokka bites you.
You die...

..........(.'.....'............
##...#######.....#############
#.. ####### ### #. #.. #. .
##.. # .# ##### #... .. ...#
#.#. #. ##.## #.## #g ##@..##
#.## #g##gr...##########.#
#.#g......#.....)...##
#g...._........)).....
###.......#...########
##.....##...# ##...###.###
##.##...# #....#.>#


You could see 3 gnolls and a quokka.

Vanquished Creatures
  Sigmund (D:2)
  A crimson imp (D:3)
  An orc priest (D:4)
  Jessica (D:2)
  A gnoll (D:1)
  4 adders
  3 dart slugs
  5 orcs
  6 ball pythons
  3 bats
  8 endoplasms
  3 giant cockroaches (D:1)
  12 goblins
  5 hobgoblins
  3 jackals (D:1)
  A quokka (D:1)
  4 frilled lizards
  A goblin skeleton (D:3)
  2 goblin zombies (D:3)
  A hobgoblin zombie (D:3)
  3 kobolds
  A kobold skeleton (D:3)
  5 rats
  A spectral goblin (D:3)
76 creatures vanquished.

Notes
Turn   | Place    | Note
-------+----------+-------------------------------------------
     0 | D:1      | qeuew the Hill Orc Berserker began the quest for the Orb.
     0 | D:1      | Reached XP level 1. HP: 19/19 MP: 1/1
    51 | D:1      | Reached XP level 2. HP: 27/27 MP: 2/2
   162 | D:1      | Found a faded altar of an unknown god.
   211 | D:1      | Reached XP level 3. HP: 29/33 MP: 3/3
   251 | D:1      | Reached ** piety under Trog
  1012 | D:2      | Noticed Sigmund
  1022 | D:2      | Killed Sigmund
  1023 | D:2      | Reached skill level 5 in Axes
  1023 | D:2      | Reached XP level 4. HP: 41/41 MP: 4/4
  1023 | D:2      | Reached XP level 5. HP: 47/47 MP: 5/5
  1114 | D:2      | Reached XP level 6. HP: 44/53 MP: 6/6
  1229 | D:2      | Reached skill level 6 in Axes
  1547 | D:2      | Noticed Jessica
  1557 | D:2      | Killed Jessica
  1855 | D:3      | Found a glowing golden altar of the Shining One.
  2200 | D:3      | Found a hazy altar of Hepliaklqana.
  2204 | D:3      | Reached *** piety under Trog
  2400 | D:4      | Found a blossoming altar of Fedhas.
  2423 | D:4      | Slain by a quokka

Illustrated notes

Levels and vault maps discovered:
D:1:      sevenhm_arrival_forest_fort_small_4, layout_basic,
          hellmonk_ecumenical_altar_pennies_from_heaven
D:2:      layout_loops_ring, uniq_sigmund, uniq_jessica
D:3:      layout_rooms, nicolae_hepliaklqana_monster_ancestors,
          nicolae_tso_besieged_by_evil
D:4:      layout_basic, lemuel_round_altar, uniq_robin, uniq_duvessa

Skill      XL: |  1  2  3  4  5  6 |
---------------+-------------------+-----
Fighting       | 4 |  4.8
Armour         | 4 |  4.6
Axes           | 5 6 |  6.5
Dodging        | 2 |  2.6
Evocations     | |  0.1

Action                     |  1- 3 |  4- 6 || total
---------------------------+-------+-------++-------
  Melee: Hand axe          |    92 |   128 ||   220
         Punch             |     1 |       ||     1
 Invoke: Berserk           |     3 |     1 ||     4
         Trog's Hand       |     1 |     2 ||     3
    Use: Scroll            |     5 |     4 ||     9
         Potion            |     3 |     1 ||     4
   Stab: Sleeping          |     1 |       ||     1
 Armour: Animal skin       |    13 |    24 ||    37
  Dodge: Dodged            |    56 |    79 ||   135

Table legend: (Time is in decaauts)
 A = Elapsed time spent in this place.
 B = Non-inter-level travel time spent in this place.
 C = Inter-level travel time spent in this place.
 D = Time resting spent in this place.
 E = Time spent auto-exploring this place.
 F = Levels seen in this place.
 G = Mean time per level.
                   A        B        C        D        E       F      G
               +--------+--------+--------+--------+--------+-----+--------+
         Total |   2465 |   2406 |     59 |     32 |   1898 |   4 |  616.2 |
       Dungeon |   2465 |   2406 |     59 |     32 |   1898 |   4 |  616.2 |
               +--------+--------+--------+--------+--------+-----+--------+

Top non-repeatable levels by time:
     D:1: 1018 daAuts
     D:2: 827 daAuts
     D:3: 509 daAuts
     D:4: 110 daAuts
